ITL
DETROIT X-WINGS @ ALLENTOWN HILLBILLIES
06/20/2030
 
TOP OF THE 1ST
Detroit X-Wings batting - Pitching for Allentown Hillbillies : RHP Carlos García
Pitching: RHP Carlos García
Batting: SHB Jason Mason 0-0: Ball
1-0: Ball
2-0: Foul Ball, location: 2F
2-1: Called Strike
2-2: Ball
3-2: Base on Balls
Batting: RHB José Pérez 0-0: Called Strike
0-1: Ball
Jason Mason steals 2nd base
1-1: Ball
2-1: Ball
3-1: Ground out 5-3 (Groundball, 56)
Batting: LHB Juan Jose Pineda 0-0: Foul Ball, location: 2F
0-1: Ball
1-1: Ground out 4-3 (Groundball, 4)
Jason Mason to third
Batting: SHB Barrett Bowden 0-0: Foul Ball, location: 2F
0-1: Ball
1-1: Foul Ball, location: 2F
1-2: DOUBLE (Line Drive, 9LM)
Jason Mason scores
Batting: LHB Paul Alston 0-0: Ball
1-0: Ball
2-0: Called Strike
2-1: Called Strike
2-2: Foul Ball, location: 2F
2-2: Ball
3-2: Base on Balls
Batting: RHB Raúl Flores 0-0: Foul Ball, location: 2F
0-1: Called Strike
0-2: Ground out U3 (Groundball, 3L)
Top of the 1st over - 1 run, 1 hit, 0 errors, 2 left on base; Detroit 1 - Allentown 0
BOTTOM OF THE 1ST
Allentown Hillbillies batting - Pitching for Detroit X-Wings : RHP Júlio Ruíz
Pitching: RHP Júlio Ruíz
Batting: RHB Rubén Vázquez 0-0: Ball
1-0: Called Strike
1-1: Ball
2-1: Foul Ball, location: 2F
2-2: Ball
3-2: Foul Ball, location: 2F
3-2: Base on Balls
Batting: SHB Travis Martin 0-0: Swinging Strike
0-1: Foul Ball, location: 2F
0-2: Strikes out swinging
Batting: RHB Donald Sanford 0-0: Called Strike
0-1: Ball
1-1: Ball
2-1: Foul Ball, location: 2F
2-2: Ball
3-2: Fly out, F4 (Line Drive, 4M)
Batting: RHB Germano Labrego 0-0: Called Strike
0-1: Ball
1-1: Ball
2-1: Ball
3-1: Foul Ball, location: 2F
3-2: Foul Ball, location: 2F
3-2: Ground out 6-3 (Groundball, 6)
Bottom of the 1st over - 0 runs, 0 hits, 0 errors, 1 left on base; Detroit 1 - Allentown 0
TOP OF THE 2ND
Detroit X-Wings batting - Pitching for Allentown Hillbillies : RHP Carlos García
Batting: RHB Alfredo Villegas 0-0: Ball
1-0: Ground out 6-3 (Groundball, 6)
Batting: RHB Earl Godwin 0-0: Called Strike
0-1: Foul Ball, location: 2F
0-2: Strikes out swinging, 2-3 out at first.
Batting: RHB José Rosales 0-0: Foul Ball, location: 2F
0-1: Swinging Strike
0-2: Strikes out swinging
Top of the 2nd over - 0 runs, 0 hits, 0 errors, 0 left on base; Detroit 1 - Allentown 0
BOTTOM OF THE 2ND
Allentown Hillbillies batting - Pitching for Detroit X-Wings : RHP Júlio Ruíz
Batting: RHB Von Ford 0-0: Ball
1-0: Swinging Strike
1-1: Hit by Pitch
Batting: RHB Germán Romero 0-0: Called Strike
0-1: Fly out, F6 (Flyball, 6D)
Batting: LHB Ryan Flynn 0-0: Ground out U3 (Groundball, 3)
Von Ford to second
Batting: RHB Jeff Townsley 0-0: Called Strike
0-1: Ball
1-1: Foul Ball, location: 2F
1-2: Fly out, F9 (Flyball, 9D)
Bottom of the 2nd over - 0 runs, 0 hits, 0 errors, 1 left on base; Detroit 1 - Allentown 0
TOP OF THE 3RD
Detroit X-Wings batting - Pitching for Allentown Hillbillies : RHP Carlos García
Batting: SHB Jason Mason 0-0: Called Strike
0-1: Ball
1-1: Foul Ball, location: 2F
1-2: Strikes out swinging
Batting: RHB José Pérez 0-0: SINGLE (Line Drive, 6MD)
Batting: LHB Juan Jose Pineda 0-0: Called Strike
0-1: Ball
1-1: Ball
2-1: Swinging Strike
2-2: Strikes out looking
Batting: SHB Barrett Bowden 0-0: Ball
1-0: Foul Ball, location: 2F
1-1: Ball
2-1: Called Strike
2-2: Foul Ball, location: 2F
2-2: Strikes out looking
Top of the 3rd over - 0 runs, 1 hit, 0 errors, 1 left on base; Detroit 1 - Allentown 0
BOTTOM OF THE 3RD
Allentown Hillbillies batting - Pitching for Detroit X-Wings : RHP Júlio Ruíz
Batting: LHB Russell Ewing 0-0: SINGLE (Line Drive, 6D)
Batting: RHB Rubén Vázquez 0-0: Ball
1-0: Ball
2-0: Ball
3-0: Base on Balls
Russell Ewing to second
Batting: SHB Travis Martin 0-0: Ball
1-0: Ball
2-0: Ball
3-0: Base on Balls
Russell Ewing to third
Rubén Vázquez to second
Batting: RHB Donald Sanford 0-0: Foul Ball, location: 2F
0-1: Ball
1-1: Foul Ball, location: 2F
1-2: Foul Ball, location: 2F
1-2: Foul Ball, location: 2F
1-2: Ball
2-2: Ball
3-2: Grounds into fielders choice 1-2 (Groundball, P)
Rubén Vázquez to third
Travis Martin to second
Batting: RHB Germano Labrego 0-0: Swinging Strike
0-1: Foul Ball, location: 2F
0-2: Ball
1-2: Foul Ball, location: 2F
1-2: Ball
2-2: Grounds into double play, 6-4-3 (Groundball, 6)
Bottom of the 3rd over - 0 runs, 1 hit, 0 errors, 2 left on base; Detroit 1 - Allentown 0
TOP OF THE 4TH
Detroit X-Wings batting - Pitching for Allentown Hillbillies : RHP Carlos García
Batting: LHB Paul Alston 0-0: Ball
1-0: Ball
2-0: Called Strike
2-1: Fly out, F8 (Line Drive, 89M)
Batting: RHB Raúl Flores 0-0: Fly out, F6 (Popup, 6M)
Batting: RHB Alfredo Villegas 0-0: Ball
1-0: Called Strike
1-1: Called Strike
1-2: Fly out, F6 (Line Drive, 6)
Top of the 4th over - 0 runs, 0 hits, 0 errors, 0 left on base; Detroit 1 - Allentown 0
BOTTOM OF THE 4TH
Allentown Hillbillies batting - Pitching for Detroit X-Wings : RHP Júlio Ruíz
Batting: RHB Von Ford 0-0: Called Strike
0-1: Called Strike
0-2: Ball
1-2: Ball
2-2: SINGLE (Line Drive, 8LS)
Batting: RHB Germán Romero 0-0: Called Strike
0-1: Ball
1-1: Ball
2-1: Ball
3-1: Base on Balls
Von Ford to second
Batting: LHB Ryan Flynn 0-0: Ball
1-0: Ball
2-0: Foul Ball, location: 2F
2-1: Fly out, F9 (Flyball, 9S)
Batting: RHB Jeff Townsley 0-0: Ball
1-0: 3-RUN HOME RUN (Flyball, 7D), Distance : 370 ft
Batting: LHB Russell Ewing 0-0: Ball
1-0: Called Strike
1-1: Swinging Strike
1-2: Strikes out looking
Batting: RHB Rubén Vázquez 0-0: Ball
1-0: Foul Ball, location: 2F
1-1: Called Strike
1-2: Ball
2-2: Foul Ball, location: 2F
2-2: Ball
3-2: Fly out, F9 (Flyball, 9S)
Bottom of the 4th over - 3 runs, 2 hits, 0 errors, 0 left on base; Detroit 1 - Allentown 3
TOP OF THE 5TH
Detroit X-Wings batting - Pitching for Allentown Hillbillies : RHP Carlos García
Batting: RHB Earl Godwin 0-0: Ball
1-0: Called Strike
1-1: Ball
2-1: Ball
3-1: Foul Ball, location: 2F
3-2: Ground out 4-3 (Groundball, 4)
Batting: RHB José Rosales 0-0: Ball
1-0: Foul Ball, location: 2F
1-1: Ball
2-1: Ball
3-1: Foul Ball, location: 2F
3-2: Foul Ball, location: 2F
3-2: Base on Balls
Batting: SHB Jason Mason 0-0: Ball
1-0: Ball
2-0: Called Strike
2-1: Swinging Strike
2-2: Foul Ball, location: 2F
2-2: Strikes out swinging
Batting: RHB José Pérez 0-0: Ball
José Rosales steals 2nd base
1-0: Ball
2-0: Called Strike
2-1: Swinging Strike
2-2: Foul Ball, location: 2F
2-2: Ball
3-2: Foul Ball, location: 2F
3-2: Foul Ball, location: 2F
3-2: Foul Ball, location: 2F
3-2: Base on Balls
Batting: LHB Juan Jose Pineda 0-0: Called Strike
0-1: Ball
1-1: Called Strike
1-2: Strikes out swinging
Top of the 5th over - 0 runs, 0 hits, 0 errors, 2 left on base; Detroit 1 - Allentown 3
BOTTOM OF THE 5TH
Allentown Hillbillies batting - Pitching for Detroit X-Wings : RHP Júlio Ruíz
Batting: SHB Travis Martin 0-0: Foul Ball, location: 2F
0-1: SINGLE (Groundball, 5D)
Batting: RHB Donald Sanford 0-0: Called Strike
0-1: Ball
1-1: Fly out, F8 (Flyball, 8LS)
Batting: RHB Germano Labrego 0-0: Called Strike
0-1: Foul Ball, location: 2F
0-2: Ball
1-2: Ball
2-2: DOUBLE (Line Drive, 78XD)
Travis Martin to third
Runner from 3rd tries for Home, SAFE, no throw
Batting: RHB Von Ford 0-0: Fly out, F9 (Flyball, 89S)
Batting: RHB Germán Romero 0-0: Ball
1-0: Ball
2-0: Ball
3-0: Called Strike
3-1: Foul Ball, location: 2F
3-2: Fly out, F8 (Flyball, 8LD)
Bottom of the 5th over - 1 run, 2 hits, 0 errors, 1 left on base; Detroit 1 - Allentown 4
TOP OF THE 6TH
Detroit X-Wings batting - Pitching for Allentown Hillbillies : RHP Carlos García
Pitching: RHP Millard Manning
Batting: SHB Barrett Bowden 0-0: Called Strike
0-1: Ball
1-1: Foul Ball, location: 2F
1-2: Foul Ball, location: 2F
1-2: Ball
2-2: SINGLE (Groundball, 34S) (infield hit)
Batting: LHB Paul Alston 0-0: Ball
1-0: Ball
2-0: Ball
3-0: Base on Balls
Barrett Bowden to second
Batting: RHB Raúl Flores 0-0: Called Strike
0-1: Ball
1-1: Ball
2-1: Called Strike
2-2: Foul Ball, location: 2F
2-2: Strikes out swinging
Batting: RHB Alfredo Villegas 0-0: Swinging Strike
0-1: Ball
1-1: Ball
2-1: SINGLE (Groundball, 6MD)
Barrett Bowden to third
Paul Alston to second
Batting: RHB Earl Godwin 0-0: Ball
1-0: Ball
2-0: Ball
3-0: Base on Balls
Barrett Bowden scores
Paul Alston to third
Alfredo Villegas to second
Batting: RHB José Rosales 0-0: Called Strike
0-1: Ball
1-1: Foul Ball, location: 2F
1-2: Ball
2-2: Strikes out swinging
Batting: SHB Jason Mason 0-0: Called Strike
0-1: Swinging Strike
0-2: Ball
1-2: Ball
2-2: Foul Ball, location: 2F
2-2: Foul Ball, location: 2F
2-2: Ball
3-2: Base on Balls
Paul Alston scores
Alfredo Villegas to third
Earl Godwin to second
Pitching: RHP Mike Pierce
Batting: RHB José Pérez 0-0: Ball
1-0: Ball
2-0: Called Strike
2-1: Ball
3-1: Base on Balls
Alfredo Villegas scores
Earl Godwin to third
Jason Mason to second
Batting: LHB Juan Jose Pineda 0-0: Ball
1-0: Called Strike
1-1: Called Strike
1-2: Strikes out swinging
Top of the 6th over - 3 runs, 2 hits, 0 errors, 3 left on base; Detroit 4 - Allentown 4
BOTTOM OF THE 6TH
Allentown Hillbillies batting - Pitching for Detroit X-Wings : RHP Júlio Ruíz
Pitching: RHP Pat Jackson
Batting: LHB Ryan Flynn 0-0: Ball
1-0: SINGLE (Line Drive, 34D)
Batting: RHB Jeff Townsley 0-0: Ball
1-0: Swinging Strike
1-1: Foul Ball, location: 2F
1-2: Ball
2-2: Foul Ball, location: 2F
2-2: Ball
3-2: Ground out 4-3 (Groundball, 4S)
Ryan Flynn to second
Batting: LHB Russell Ewing 0-0: Ball
1-0: Ball
Passed Ball!
Ryan Flynn to third
2-0: Called Strike
2-1: Called Strike
2-2: Fly out, F4 (Popup, 4S)
Batting: RHB Rubén Vázquez 0-0: Ball
1-0: Ball
2-0: Ball
3-0: Base on Balls
Batting: SHB Travis Martin 0-0: Fly out, F9 (Flyball, 89S)
Bottom of the 6th over - 0 runs, 1 hit, 0 errors, 2 left on base; Detroit 4 - Allentown 4
TOP OF THE 7TH
Detroit X-Wings batting - Pitching for Allentown Hillbillies : RHP Mike Pierce
Batting: SHB Barrett Bowden 0-0: Ball
1-0: Called Strike
1-1: Foul Ball, location: 2F
1-2: Ball
2-2: Strikes out swinging
Batting: LHB Paul Alston 0-0: Called Strike
0-1: Fly out, F6 (Line Drive, 6)
Pinch Hitting: LHB Curt Walker 0-0: Ball
1-0: Foul Ball, location: 2F
1-1: Ball
2-1: Ball
3-1: Base on Balls
Pinch Hitting: SHB Brian Price 0-0: Foul Ball, location: 2F
0-1: Ball
1-1: Called Strike
1-2: Ball
2-2: Strikes out swinging
Top of the 7th over - 0 runs, 0 hits, 0 errors, 1 left on base; Detroit 4 - Allentown 4
BOTTOM OF THE 7TH
Allentown Hillbillies batting - Pitching for Detroit X-Wings : RHP Pat Jackson
Now at 3B: Brian Price
Now in CF: Merlin Morris
Batting: RHB Donald Sanford 0-0: Called Strike
0-1: Ball
1-1: Foul Ball, location: 2F
1-2: Ball
2-2: Foul Ball, location: 2F
2-2: Ball
3-2: Foul Ball, location: 2F
3-2: Base on Balls
Batting: RHB Germano Labrego 0-0: Ball
1-0: Ball
2-0: Called Strike
2-1: Ball
3-1: Called Strike
3-2: Grounds into double play, 5-4-3 (Groundball, 5L)
Batting: RHB Von Ford 0-0: Called Strike
0-1: Ball
1-1: Ground out 6-3 (Groundball, 6)
Bottom of the 7th over - 0 runs, 0 hits, 0 errors, 0 left on base; Detroit 4 - Allentown 4
TOP OF THE 8TH
Detroit X-Wings batting - Pitching for Allentown Hillbillies : RHP Mike Pierce
Pinch Hitting: RHB Enrique Aguilar 0-0: Called Strike
0-1: SINGLE (Groundball, 6MD)
Pinch Runner at 1st Xavier Chávez:
Batting: RHB José Rosales Pickoff Throw to First - Out!
0-0: Swinging Strike
0-1: Ball
1-1: Ball
2-1: Foul Ball, location: 2F
2-2: Strikes out swinging
Batting: SHB Jason Mason 0-0: Called Strike
0-1: Ball
1-1: Foul Ball, location: 2F
1-2: Strikes out swinging
Top of the 8th over - 0 runs, 1 hit, 0 errors, 0 left on base; Detroit 4 - Allentown 4
BOTTOM OF THE 8TH
Allentown Hillbillies batting - Pitching for Detroit X-Wings : RHP Pat Jackson
Now at SS: Xavier Chávez
Batting: RHB Germán Romero 0-0: Called Strike
0-1: Ball
1-1: Swinging Strike
1-2: SINGLE (Groundball, 4D)
Batting: LHB Ryan Flynn 0-0: Ball
1-0: SINGLE (Flyball, 89S)
Germán Romero to second
Batting: RHB Jeff Townsley 0-0: Ball
1-0: Foul Ball, location: 2F
1-1: Swinging Strike
1-2: Ball
2-2: Reached on error, E5 (Groundball, 5L)
Germán Romero to third
Ryan Flynn to second
Pitching: LHP Richard Dorris
Pinch Hitting: RHB Justin Harris 0-0: Called Strike
0-1: Ball
Wild Pitch!
Germán Romero scores
Ryan Flynn to third
Jeff Townsley to second
1-1: Ball
2-1: 3-RUN HOME RUN (Flyball, 7LD), Distance : 379 ft
Batting: RHB Rubén Vázquez 0-0: Called Strike
0-1: Ball
1-1: Ball
2-1: Swinging Strike
2-2: Ball
3-2: Fly out, F9 (Line Drive, 9S)
Batting: SHB Travis Martin 0-0: Ball
1-0: Ground out 4-3 (Groundball, 4D)
Batting: RHB Donald Sanford 0-0: Foul Ball, location: 2F
0-1: Ball
1-1: Ball
2-1: Ball
3-1: Base on Balls
Batting: RHB Germano Labrego 0-0: Foul Ball, location: 2F
0-1: Ball
1-1: Ball
2-1: Foul Ball, location: 2F
2-2: Fly out, F5 (Line Drive, 56)
Bottom of the 8th over - 4 runs, 3 hits, 1 error, 1 left on base; Detroit 4 - Allentown 8
TOP OF THE 9TH
Detroit X-Wings batting - Pitching for Allentown Hillbillies : RHP Mike Pierce
Now at 3B: Justin Harris
Batting: RHB José Pérez 0-0: Ball
1-0: Ball
2-0: Called Strike
2-1: Called Strike
2-2: Ball
3-2: Ground out 5-3 (Groundball, 56)
Batting: LHB Juan Jose Pineda 0-0: Ball
1-0: Ball
2-0: Ball
3-0: Called Strike
3-1: Foul Ball, location: 2F
3-2: Base on Balls
Pitching: LHP Alejandro Castillo
Batting: SHB Barrett Bowden 0-0: Called Strike
0-1: Ball
1-1: Foul Ball, location: 2F
1-2: Foul Ball, location: 2F
1-2: Ball
2-2: Ball
Balk!
Juan Jose Pineda to second
3-2: Foul Ball, location: 2F
3-2: SINGLE (Flyball, 89S)
Juan Jose Pineda to third
Pitching: LHP Tadao Yoshida
Batting: LHB Paul Alston 0-0: Ball
1-0: Ball
2-0: Swinging Strike
2-1: Called Strike
2-2: Ground out U3 (Groundball, 3L)
Juan Jose Pineda scores
Barrett Bowden to second
Batting: RHB Merlin Morris 0-0: Swinging Strike
0-1: Foul Ball, location: 2F
0-2: Foul Ball, location: 2F
0-2: Strikes out looking
Top of the 9th over - 1 run, 1 hit, 0 errors, 1 left on base; Detroit 5 - Allentown 8
Saturday, April 7th, 2018 - OOTP Baseball 18.8 Build 76